 Dungeon Crawl Stone Soup version 0.26.0-16-gc1dbca0489 (webtiles) character file.

Game seed: 5428976375253964778

200 trckry the Sneak (level 5, -2/35 HPs)
             Began as a Vampire Enchanter on Jan 20, 2021.
             Slain by a phantom (6 damage)
             ... on level 4 of the Dungeon.
             The game lasted 00:07:22 (3381 turns).

trckry the Sneak (Vampire Enchanter)                Turns: 3381, Time: 00:07:23

Health: -2/35      AC:  3    Str:  8    XL:     5   Next: 48%
Magic:  5/8        EV: 12    Int: 18    God:
Gold:   145        SH:  4    Dex: 14    Spells: 2/8 levels left

rFire    . . .     SeeInvis +   a - +1 dagger
rCold    . . .     Faith    .   j - +0 buckler
rNeg     . . .     Spirit   .   b - +0 robe
rPois    .         Reflect  .   (no helmet)
rElec    .         Harm     .   p - +0 cloak
rCorr    .         Rampage  .   (no gloves)
Will     .....                  (no boots)
Stlth    +++.......             (no amulet)
HPRegen  0.31/turn              (no ring)
MPRegen  0.11/turn              (no ring)

@: confusing touch, regenerating quickly
A: fangs 3, see invisible, unbreathing
a: Exsanguinate


You were on level 4 of the Dungeon.
You visited 1 branch of the dungeon, and saw 4 of its levels.

You collected 145 gold pieces.

Inventory:

Hand Weapons
 a - a +1 dagger (weapon)
Missiles
 i - 6 curare-tipped darts (quivered)
 q - 11 poisoned darts
Armour
 b - a +0 robe (worn)
 j - a +0 buckler (worn)
 p - a +0 cloak (worn)
Jewellery
 s - a cursed ring of teleportation {unknown}
Scrolls
 c - 5 scrolls of amnesia {unknown}
 d - 3 scrolls of magic mapping {unknown}
 e - a scroll of identify {unknown}
 l - a scroll of enchant weapon {unknown}
 m - a scroll of fear {unknown}
 o - a scroll of noise {unknown}
Potions
 f - 2 potions of heal wounds {unknown}
 g - 2 potions of flight {unknown}
 h - a potion of cancellation {unknown}
 k - a potion of curing {unknown}
 n - a potion of ambrosia {unknown}
 r - a potion of might {unknown}


   Skills:
 * Level 3.7 Short Blades
 - Level 2.1 Dodging
 + Level 5.8 Stealth
 + Level 0.9 Shields
 - Level 2.0 Spellcasting
 + Level 5.6 Hexes
 + Level 1.8 Ice Magic


You had 2 spell levels left.
You knew the following spells:

 Your Spells              Type           Power        Failure   Level
a - Corona                Hex            24%          2%          1
b - Ensorcelled Hibernat  Hex/Ice        30%          9%          2
c - Confusing Touch       Hex            22%          8%          3

Your spell library contained the following spells:

 Spells                   Type           Power        Failure   Level
 Tukima's Dance           Hex            22%          8%          3
 Dazzling Flash           Conj/Hex       22%          26%         3


Dungeon Overview and Level Annotations

Branches:
Dungeon (4/15)
 Temple: D:4-7

Altars:
Yredelemnul

Shops:
D:4 *


Innate Abilities, Weirdness & Mutations

Your natural rate of healing is unusually fast.
You have razor-sharp teeth.
You have supernaturally acute eyesight. (SInv)
You can survive without breathing.


Message History

Casting: Confusing Touch (dangerous; 8% risk of failure)
Confirm with . or Enter, or press ? or * to list all spells.
Your hands begin to glow red.
The phantom hits you.
* * * LOW HITPOINT WARNING * * *
The phantom blinks!
The phantom blinks!
There is a stone staircase leading up here.
You hit the phantom but do no damage.
The phantom is severely damaged.
The phantom misses you.
You hit the phantom but do no damage.
The phantom is severely damaged.
You closely miss the phantom.
The phantom is severely damaged.
The phantom hits you.
* * * LOW HITPOINT WARNING * * *
You hit the phantom but do no damage.
The phantom is severely damaged.
The phantom hits you.
You die...

####### #..)..#
#.....# #.....#
###.....#
#######.......#
#######.......#.@...#
..##....#######.W...#
.....##########.....#
..####..............#
.#####..............#
....##.........###.##
....##.........# .#
....##[........# .#
....##.$.......# .#


You could see a phantom.

Vanquished Creatures
  2 worker ants (D:4)
  A howler monkey zombie (D:4)
  5 adders
  An adder skeleton (D:4)
  A worm (D:3)
  4 dart slugs
  A leopard gecko (D:1)
  An orc (D:3)
  3 giant cockroaches
  8 goblins
  8 hobgoblins
  8 jackals
  9 kobolds
  A quokka (D:2)
  2 ball pythons
  10 bats
  6 frilled lizards
  10 rats
81 creatures vanquished.

Notes
Turn   | Place    | Note
-------+----------+-------------------------------------------
     0 | D:1      | trckry the Vampire Enchanter began the quest for the Orb.
     0 | D:1      | Reached XP level 1. HP: 13/13 MP: 3/3
   109 | D:1      | Reached XP level 2. HP: 17/19 MP: 5/5
   243 | D:1      | Learned a level 2 spell: Ensorcelled Hibernation
   554 | D:1      | Reached skill level 5 in Stealth
   554 | D:1      | Reached XP level 3. HP: 23/24 MP: 6/6
  1177 | D:2      | Reached skill level 5 in Hexes
  1500 | D:2      | Reached skill level 1 in Ice Magic
  1635 | D:2      | Reached XP level 4. HP: 30/30 MP: 7/7
  1812 | D:2      | Found a basalt altar of Yredelemnul.
  3024 | D:4      | Noticed a phantom
  3039 | D:3      | Learned a level 3 spell: Confusing Touch
  3112 | D:4      | Reached XP level 5. HP: 30/35 MP: 8/8
  3139 | D:4      | Found Opunkoeh's Assorted Antiques.
  3381 | D:4      | Slain by a phantom

Illustrated notes

Levels and vault maps discovered:
D:1:      sevenhm_arrival_forest_fort_large_2, layout_loops_ring
D:2:      layout_loops_corners, lemuel_coloured_pillars_altar
D:3:      layout_loops_cross, kennysheep_generic_room_6
D:4:      cheibrodos_old_hovel, layout_rooms,
          nicolae_gozag_cash_rules_everything_around_me,
          minmay_temple_entry_large_hall, serial_shops, shop

Skill      XL: |  1  2  3  4 |
---------------+-------------+-----
Short Blades   | 2 3 |  3.7
Stealth        | 5 |  5.8
Hexes          | 5 |  5.6
Ice Magic      | 1 |  1.8
Dodging        | |  2.1
Shields        | |  0.9
Spellcasting   | |  2.0

Action                   |  1- 3 |  4- 6 || total
-------------------------+-------+-------++-------
Melee: Dagger            |   148 |   191 ||   339
       Bite              |     5 |    16 ||    21
Throw: Dart              |       |     1 ||     1
 Cast: Ensorcelled Hiber |     3 |    14 ||    17
       Confusing Touch   |       |     2 ||     2
 Stab: Sleeping          |    15 |     9 ||    24
       Confused          |       |     1 ||     1
Armor: Robe              |    32 |    31 ||    63
Dodge: Dodged            |    76 |   117 ||   193
Block: Buckler           |       |    24 ||    24
